 Dungeon Crawl Stone Soup version 0.30.0-10-gfe55d96785 (webtiles) character file.

Game seed: 8982161260400931363

319 qw the Chopper (level 6, -4/38 HPs)
             Began as a Gargoyle Cinder Acolyte on May 17, 2023.
             Was a High Priest of Ignis.
             Slain by Grinder (5 damage)
             ... on level 3 of the Dungeon.
             The game lasted 00:01:22 (1734 turns).

qw the Chopper (Gargoyle Cinder Acolyte)            Turns: 1734, Time: 00:01:22

Health: -4/38      AC: 24    Str: 19 (20) XL:     6   Next: 46%
Magic:  7/7        EV:  5    Int: 13 (14) God:    Ignis [*****.]
Gold:   140        SH:  5    Dex:  4 (5)  Spells: 7/7 levels left

rFire   + . .        Y - +0 hand axe (flame)
rCold   + . .        (no shield)
rNeg    + . .        h - +2 plate armour
rPois   inf          (no helmet)
rElec   +            (no cloak)
rCorr   .            (no gloves)
SInv    .            (no boots)
Will    .....        g - amulet of reflection Stlth
                     k - ring of protection from cold
HPRegen 0.26/turn    (no ring)
MPRegen 0.10/turn

%: reflection
@: about to teleport, fiery-armoured
A: sickness immunity, AC +4, negative energy resistance 1, electricity
resistance, torment resistance 1, petrification resistance
a: Renounce Religion, Fiery Armour, Foxfire Swarm, Rising Flame


You were on level 3 of the Dungeon.
You worshipped Ignis.
Ignis was extremely pleased with you.
You visited 1 branch of the dungeon, and saw 3 of its levels.

You collected 140 gold pieces.


Innate Abilities, Weirdness & Mutations

You are immune to sickness and miasma.
Your stone body is resilient. (AC +4)
You are immune to poison.
You resist negative energy. (rN+)
You are resistant to electric shocks. (rElec)
You are resistant to unholy torment.
You are immune to petrification.


   Skills:
 + Level 3.8 Fighting
 - Level 5.4 Axes
 - Level 3.2 Armour
 - Level 1.0 Spellcasting
 - Level 3.0 Fire Magic


You had 7 spell levels left.
You didn't know any spells.
Your spell library contained the following spells:

 Spells                   Type           Power      Damage    Failure   Level
 Scorch                   Fire           16%        2d5       99%         2

Inventory:

Hand Weapons
 Y - a +0 hand axe of flaming (weapon)
Armour
 h - a +2 plate armour (worn)
Jewellery
 g - an amulet of reflection (around neck)
 k - a ring of protection from cold (left hand)
Scrolls
 b - 2 scrolls of identify
 c - a scroll of vulnerability {unknown}
Potions
 a - a potion of curing {unknown}
 d - a potion of resistance {unknown}
 e - 2 potions of heal wounds {unknown}
 f - a potion of mutation {unknown}
 i - a potion of haste
 j - a potion of might {unknown}

Dungeon Overview and Level Annotations

Branches:
Dungeon (3/15)

Altars:
Ashenzari

Shops:
D:2 :

Portals:
Sewer: D:3

Annotations:
D:1 1 transporter
D:3 Grinder


Message History

Grinder is burned by your cloak of flames.
Grinder is lightly wounded.
The worm bites you but does no damage.
The worm is burned by your cloak of flames.
The worm is severely wounded.
You hit the worm but do no damage.
The worm is severely wounded.
You barely miss Grinder. Grinder hits you.
You writhe in agony.
Grinder is burned by your cloak of flames.
Grinder is moderately wounded.
You slash the worm! You burn the worm.
You kill the worm!
You closely miss Grinder. Grinder hits you.
You writhe in agony.
Grinder is burned by your cloak of flames.
Grinder is heavily wounded.
You closely miss Grinder.
Grinder is heavily wounded.
You block Grinder's attack.
You hit Grinder. You burn Grinder.
Grinder is heavily wounded.
Grinder hits you.
You writhe in agony.
Grinder is burned by your cloak of flames.
Grinder is heavily wounded.
1732 ||| READING scroll of teleportation.
As you read the scroll of teleportation, it crumbles to dust.
You feel strangely unstable. Grinder hits you!
You writhe in agony.
Grinder is burned by your cloak of flames.
Grinder is severely wounded.
You hit Grinder. You burn Grinder.
Grinder is severely wounded.
Grinder gestures at you. Pain shoots through your body!
You barely miss Grinder.
Grinder is severely wounded.
You hear the brisk rusting of a drain.
Grinder hits you.
You die...

#.# ####
#.#~~~~~#
#.#~~~~~#
#.#~~\~~ #.#~~~~
#.##'####
#.....5.. #5%#
########### #@##
#.........# #.#
#.........#
##.####.........#
#....##.........#
####.##.........#
###.##.........#
#...##...).....#
##.####.........#
#.........%.....#


You could see Grinder.

Vanquished Creatures
  Sigmund (D:2)
  A scorpion zombie (D:3)
  A hound skeleton (D:3)
  4 adders
  2 river rats (D:3)
  An adder skeleton (D:3)
  2 worms
  A dart slug (D:1)
  2 orcs (D:3)
  5 endoplasms
  8 giant cockroaches
  7 goblins
  3 hobgoblins
  3 jackals (D:3)
  2 quokkas (D:1)
  6 ball pythons
  4 bats
  2 frilled lizards
  2 kobolds (D:2)
  13 rats
70 creatures vanquished.

Notes
Turn   | Place    | Note
-------+----------+-------------------------------------------
     0 | D:1      | qw the Gargoyle Cinder Acolyte began the quest for the Orb.
     0 | D:1      | Reached XP level 1. HP: 14/14 MP: 2/2
     0 | D:1      | 0 ||| qw: Version: 0.2-a-95-g4c1bab1
     0 | D:1      | 0 ||| qw: Game counter: 108
     0 | D:1      | 0 ||| qw: Always use a shield: true
     0 | D:1      | 0 ||| qw: God list: Okawaru
     0 | D:1      | 0 ||| qw: Allow faded altars: false
     0 | D:1      | 0 ||| qw: Do Orc after D:15 true
     0 | D:1      | 0 ||| qw: Do second Lair branch before Depths: true
     0 | D:1      | 0 ||| qw: Lair rune preference: random
     0 | D:1      | 0 ||| qw: Plans: Normal
     0 | D:1      | 0 ||| PLANNING D:1-11
    14 | D:1      | 14 ||| Stepping ~*~*~tactically~*~*~ (stealth).
    70 | D:1      | 70 ||| Stepping ~*~*~tactically~*~*~ (stealth).
    72 | D:1      | 72 ||| Stepping ~*~*~tactically~*~*~ (stealth).
    77 | D:1      | Reached skill level 3 in Axes
    77 | D:1      | 77 ||| Stepping ~*~*~tactically~*~*~ (hiding).
    86 | D:1      | Reached XP level 2. HP: 18/19 MP: 3/3
    91 | D:1      | 91 ||| Stepping ~*~*~tactically~*~*~ (stealth).
   156 | D:1      | 156 ||| Stepping ~*~*~tactically~*~*~ (stealth).
   158 | D:1      | 158 ||| Stepping ~*~*~tactically~*~*~ (stealth).
   290 | D:1      | 290 ||| Stepping ~*~*~tactically~*~*~ (stealth).
   292 | D:1      | 292 ||| Stepping ~*~*~tactically~*~*~ (stealth).
   294 | D:1      | 294 ||| Stepping ~*~*~tactically~*~*~ (stealth).
   299 | D:1      | 299 ||| Stepping ~*~*~tactically~*~*~ (stealth).
   316 | D:1      | Reached XP level 3. HP: 19/23 MP: 4/4
   605 | D:1      | 605 ||| UPGRADING to +0 plate armour.
   615 | D:1      | 615 ||| DROPPING +0 robe.
   616 | D:1      | 616 ||| UPGRADING to ring of protection from cold.
   617 | D:1      | 617 ||| READING 2 scrolls labelled LIRADA SIVYFOI.
   618 | D:1      | 618 ||| READING scroll of enchant armour.
   618 | D:1      | 618 ||| ENCHANTING +0 plate armour.
   619 | D:1      | 619 ||| READING scroll labelled UHEURURUUQ.
   620 | D:1      | 620 ||| READING scroll labelled OVAJODONUV.
   688 | D:2      | 688 ||| Stepping ~*~*~tactically~*~*~ (stealth).
   690 | D:2      | 690 ||| Stepping ~*~*~tactically~*~*~ (hiding).
   703 | D:2      | Reached skill level 1 in Armour
   720 | D:2      | 720 ||| Stepping ~*~*~tactically~*~*~ (stealth).
   721 | D:2      | Found Ebolyur's Book Boutique.
   833 | D:2      | Noticed Sigmund
   834 | D:2      | 834 ||| Stepping ~*~*~tactically~*~*~ (hiding).
   844 | D:2      | Killed Sigmund
   845 | D:2      | Reached skill level 5 in Axes
   845 | D:2      | Reached XP level 4. HP: 23/28 MP: 5/5
   845 | D:2      | Reached XP level 5. HP: 26/32 MP: 6/6
   910 | D:2      | 910 ||| Stepping ~*~*~tactically~*~*~ (stealth).
   968 | D:2      | 968 ||| READING scroll of enchant armour.
   968 | D:2      | 968 ||| ENCHANTING +1 plate armour.
  1139 | D:2      | Found a faded altar of an unknown god.
  1229 | D:2      | Reached XP level 6. HP: 37/37 MP: 7/7
  1363 | D:2      | 1363 ||| UPGRADING to amulet of reflection.
  1368 | D:2      | 1368 ||| READING scroll labelled SENUESTRONWAOJE.
  1369 | D:2      | 1369 ||| READING scroll labelled FAUNGI ATITIH.
  1370 | D:2      | 1370 ||| READING 2 scrolls labelled IBBEUS LUFF.
  1371 | D:2      | 1371 ||| READING scroll labelled HAXZUAF LOEF.
  1372 | D:2      | 1372 ||| READING scroll labelled FAMUIT ZAONAE.
  1377 | D:2      | 1377 ||| DRINKING 2 sedimented coppery potions.
  1378 | D:2      | 1378 ||| DROPPING scroll of fear.
  1379 | D:2      | 1379 ||| DROPPING potion of degeneration.
  1384 | D:3      | 1384 ||| PLANNING SEWER
  1415 | D:3      | Reached skill level 3 in Armour
  1541 | D:3      | 1541 ||| Stepping ~*~*~tactically~*~*~ (stealth).
  1542 | D:3      | 1542 ||| Stepping ~*~*~tactically~*~*~ (stealth).
  1543 | D:3      | 1543 ||| Stepping ~*~*~tactically~*~*~ (stealth).
  1562 | D:3      | Found a broken altar of Ashenzari.
  1703 | D:3      | Noticed Grinder
  1704 | D:3      | 1704 ||| Stepping ~*~*~tactically~*~*~ (hiding).
  1705 | D:3      | Found a glowing drain.
  1727 | D:3      | 1727 ||| INVOKING Fiery Armour.
  1731 | D:3      | HP: 9/38 [Grinder (2)]
  1732 | D:3      | 1732 ||| READING scroll of teleportation.
  1732 | D:3      | HP: 2/38 [Grinder (7)]
  1734 | D:3      | Slain by Grinder

Levels and vault maps discovered:
D:1:      spicycebolla_arrival_risky_transporter, layout_rooms, serial_bayou,
          serial_bayou_lagoon_a, serial_bayou_shore_b, serial_bayou_pond_d,
          serial_bayou_pond_a
D:2:      layout_loops_cross, basic_ecumenical_altar, serial_shops,
          nicolae_book_shop_shelving, uniq_sigmund
D:3:      layout_basic, general_overflow_altar,
          mainiacjoe_overflow_cross_hatched, serial_undead, serial_undead_c,
          serial_undead_e, serial_undead_a, serial_undead_f,
          portal_sewer_entry_c, uniq_grinder

Skill      XL: |  1  2  3  4  5  6 |
---------------+-------------------+-----
Axes           | 3 5 |  5.4
Armour         | 2 3 |  3.2
Fighting       | |  3.8
Spellcasting   | |  1.0
Fire Magic     | |  3.0

Action                     |  1- 3 |  4- 6 || total
---------------------------+-------+-------++-------
  Melee: Hand axe          |   115 |   128 ||   243
 Invoke: Fiery Armour      |       |     1 ||     1
    Use: Scroll            |     4 |     7 ||    11
         Potion            |       |     1 ||     1
 Armour: Robe              |    20 |       ||    20
         Plate armour      |    46 |    88 ||   134
  Dodge: Dodged            |    52 |    20 ||    72
  Block: Other             |       |    20 ||    20

Table legend:
 A = Non-vault XP
 B = Vault XP
 C = Vault XP percentage of total XP
 D = Non-vault monster count
 E = Vault monster count
 F = Vault count percentage of total count
                 A         B        C        D         E       F
            +---------+---------+-------+---------+---------+-------
      Total |     145 |     312 |  68.3 |      59 |      11 |  15.7
            +---------+---------+-------+---------+---------+-------
        D:1 |      42 |       0 |   0.0 |      25 |       0 |   0.0
        D:2 |      73 |     214 |  74.6 |      24 |       1 |   4.0
        D:3 |      30 |      98 |  76.6 |      10 |      10 |  50.0
            +---------+---------+-------+---------+---------+-------
